Hurricanes vs Islanders

Created - 27 janvier 2019 at 01:19

Goals
1 2 3 T
Hurricanes 0 2 1 3
Islanders 0 1 1 2
Shots
1 2 3 T
Hurricanes 10 13 7 30
Islanders 14 7 10 31

1st period

No Goal

Penalties :
Patrick Sharp (NYI) for Holding Stick (Minor) at 2:33, Alex Chiasson (CAR) for Hooking (Minor) at 6:10, Dennis Seidenberg (NYI) for Slashing (Minor) at 8:52, Bryan Little (CAR) for Hooking (Minor) at 11:19

2nd period

1. Hurricanes , Nick Foligno 14 (Bryan Little 19, Michael Frolik 8) at 6:43
2. Islanders , Colton Sceviour 8 (Patrick Sharp 4, Timo Meier 3) at 9:30
3. Hurricanes , Zach Parise 13 (Carl Hagelin 12) at 18:57

Penalties :
Mathew Dumba (CAR) for Hooking (Minor) at 1:14

3rd period

4. Islanders , Jesper Bratt 15 (Richard Panik 19, Jujhar Khaira 8) at 3:17
5. Hurricanes , Keith Yandle 5 (Michael Frolik 9, Dustin Byfuglien 25) at 16:06

Penalties :
Dennis Seidenberg (NYI) for Roughing (Minor) at 4:09

Goalie Stats

Thomas Greiss (CAR), 29 saves from 31 shots - (0.935), W, 6-6-2, 60:00 minutes
Jake Paterson (NYI), 27 saves from 30 shots - (0.900), L, 1-4-0, 59:36 minutes

Players Stats for Hurricanes

Player Name              G  A  P  +/- PIM S  H  SB GA TA FO     MP     PP MP  PK MP  
------------------------------------------------------------------------------------
Alex Chiasson            0  0  0   0  2   2  1  1  0  0  0/2    14:15   0:00   0:00 
Brad Richardson          0  0  0   0  0   1  1  0  0  0  8/10   16:30   0:00   2:17 
Brett Pesce              0  0  0   0  0   1  1  1  0  0  0/0    14:30   0:00   0:00 
Brian Dumoulin           0  0  0  -1  0   0  0  4  0  0  0/0    18:52   0:00   3:12 
Bryan Little             0  1  1   1  2   8  0  1  0  0  16/22  20:19   2:56   0:00 
Carl Hagelin             0  1  1   0  0   0  0  0  0  0  1/2    18:40   3:01   0:00 
Derek Ryan               0  0  0   0  0   1  0  0  0  0  7/12   13:03   3:01   0:00 
Dustin Byfuglien         0  1  1   2  0   2  2  4  0  0  0/0    23:34   2:53   2:45 
Jan Rutta                0  0  0   0  0   0  0  0  0  0  0/0    12:31   3:04   0:00 
Jon Merrill              0  0  0   0  0   0  0  0  0  0  0/0     0:00   0:00   0:00 
Jordan Oesterle          0  0  0   0  0   0  0  0  0  0  0/0     6:58   0:00   2:45 
Keith Yandle             1  0  1   2  0   2  0  3  0  0  0/0    24:12   3:04   3:12 
Mathew Dumba             0  0  0  -1  2   2  4  1  0  0  0/0    19:22   2:53   0:00 
Michael Frolik           0  2  2   1  0   0  1  0  0  0  1/1    20:31   0:00   2:17 
Nick Foligno             1  0  1   1  0   2  3  0  0  0  0/0    21:12   3:01   0:00 
Tom Pyatt                0  0  0   0  0   3  0  0  0  0  0/1     7:51   0:00   3:40 
Vladimir Sobotka         0  0  0   0  0   2  4  0  0  0  15/28  23:05   2:56   3:40 
Zach Parise              1  0  1   0  0   4  0  0  0  0  1/1    18:35   2:56   0:00 

Players Stats for Islanders

Player Name              G  A  P  +/- PIM S  H  SB GA TA FO     MP     PP MP  PK MP  
------------------------------------------------------------------------------------
Anthony DeAngelo         0  0  0   1  0   2  1  3  0  0  0/0    21:38   2:49   2:41 
Brock McGinn             0  0  0   0  0   0  0  0  0  0  0/2     0:44   0:24   0:00 
Chris Butler             0  0  0  -1  0   0  0  1  0  0  0/0    14:50   0:24   0:41 
Colton Sceviour          1  0  1   0  0   2  1  0  0  0  0/0    14:10   0:00   0:47 
Dennis Seidenberg        0  0  0  -1  4   0  3  0  0  0  0/0    22:03   2:44   1:08 
Eric Gryba               0  0  0  -1  0   0  3  0  0  0  0/0    16:17   0:24   2:08 
Jack Eichel              0  0  0   0  0   8  1  0  0  0  10/29  25:04   3:15   3:34 
Jesper Bratt             1  0  1  -1  0   5  0  0  0  0  1/2    18:26   2:18   0:00 
Jujhar Khaira            0  1  1  -1  0   2  3  0  0  0  10/22  18:26   2:18   0:00 
Kyle Quincey             0  0  0   1  0   0  4  1  0  0  0/0    21:35   2:49   2:38 
Loui Eriksson            0  0  0   0  0   1  0  0  0  0  0/0     4:41   0:00   0:00 
Nick Holden              0  0  0  -1  0   1  3  1  0  0  0/0    23:35   2:44   2:38 
Patrick Maroon           0  0  0   0  0   2  2  0  0  0  1/6    19:56   3:39   2:23 
Patrick Sharp            0  1  1   0  2   2  1  0  0  0  0/3    13:22   0:00   0:00 
Reid Boucher             0  0  0   0  0   0  0  0  0  0  0/0     0:00   0:00   0:00 
Richard Panik            0  1  1  -1  0   3  2  0  0  0  0/0    20:08   2:18   1:42 
Sam Gagner               0  0  0   0  0   2  1  0  0  0  0/0    21:01   3:39   3:28 
Timo Meier               0  1  1   0  0   1  1  0  0  0  8/15   18:04   0:00   0:00 

3 Stars

1 - Keith Yandle (CAR)
2 - Nick Foligno (CAR)
3 - Dustin Byfuglien (CAR)

Power Play

Hurricanes - 0 on 3 Attempt(s) - 0.00%
Islanders - 0 on 3 Attempt(s) - 0.00%

Penalty Kill

Hurricanes - 3 on 3 Attempt(s) - 100.00% - Score 0 goal in Penalty Kill
Islanders - 3 on 3 Attempt(s) - 100.00% - Score 0 goal in Penalty Kill

Team Stat

Hurricanes - Hits : 17 - Faceoff Wins : 49 - Blocked Shots : 15 - Penalty Minutes : 6
Islanders - Hits : 26 - Faceoff Wins : 30 - Blocked Shots : 6 - Penalty Minutes : 6

Official

Referees : Ghislain Hebert and Garrett Rank
Linesman : Tim Nowak and John Grandt

Game Notes

No Game Note

Finance

Level 1 -- Attendance: 4576 (76.27%) -- Ticket Income 572 000 $
Level 2 -- Attendance: 4208 (84.16%) -- Ticket Income 357 680 $
Level 3 -- Attendance: 2000 (100.00%) -- Ticket Income 150 000 $
Level 4 -- Attendance: 1503 (83.73%) -- Ticket Income 87 174 $
Luxury Box -- Attendance: 957 (95.70%) -- Ticket Income 181 830 $
Game was played at the Barclays Center.
Total Attendance: 13244 (83.85%)
Total Ticket Income: 1 348 684 $
Other Income: 660 855 $
Total Income: 2 009 539 $

% Time on Ice - Hurricanes

Lines # - Real PCT - Wanted PCT - Time Play
Normal Forward
1 - 37% - 38% - 17:24
2 - 33% - 31% - 15:39
3 - 21% - 21% - 10:02
4 - 9% - 10% - 4:11
Normal Defense
1 - 38% - 38% - 17:56
2 - 33% - 30% - 15:40
3 - 20% - 20% - 9:27
4 - 9% - 12% - 4:13
PP Forward
1 - 49% - 54% - 2:56
2 - 51% - 46% - 3:01
PP Defense
1 - 48% - 56% - 2:53
2 - 52% - 44% - 3:04
PK Forward
1 - 62% - 57% - 3:40
2 - 38% - 43% - 2:17
PK Defense
1 - 54% - 56% - 3:12
2 - 46% - 44% - 2:45
PK3 Forward
1 - 0% - 54%
2 - 0% - 46%
PK3 Defense
1 - 0% - 55%
2 - 0% - 45%
44 Forward
1 - 0% - 54%
2 - 0% - 46%
44 Defense
1 - 0% - 55%
2 - 0% - 45%
Last Minute Offensive  - 0:00
Last Minute Defensive  - 0:50
Total
Forward - 60:00
Defense - 60:00

% Time on Ice - Islanders

Lines # - Real PCT - Wanted PCT - Time Play
Normal Forward
1 - 28% - 30% - 13:19
2 - 34% - 30% - 16:08
3 - 28% - 20% - 13:23
4 - 10% - 20% - 4:41
Normal Defense
1 - 37% - 40% - 17:38
2 - 34% - 30% - 16:08
3 - 29% - 20% - 13:45
4 - 0% - 10% - 0:00
PP Forward
1 - 61% - 60% - 3:39
2 - 39% - 40% - 2:18
PP Defense
1 - 46% - 60% - 2:44
2 - 54% - 40% - 3:13
PK Forward
1 - 60% - 60% - 3:34
2 - 40% - 40% - 2:23
PK Defense
1 - 50% - 60% - 2:57
2 - 50% - 40% - 3:00
PK3 Forward
1 - 0% - 60%
2 - 0% - 40%
PK3 Defense
1 - 0% - 60%
2 - 0% - 40%
44 Forward
1 - 0% - 60%
2 - 0% - 40%
44 Defense
1 - 0% - 60%
2 - 0% - 40%
Last Minute Offensive  - 0:35
Last Minute Defensive  - 0:00
Total
Forward - 60:00
Defense - 60:00

Play-by-Play

1st period


0:01 of 1st period - Bryan Little wins face-off versus Jack Eichel in neutral zone.
0:01 of 1st period - Keith Yandle is hit by Patrick Maroon and loses puck.
0:21 of 1st period - Off-side.
0:22 of 1st period - Jujhar Khaira wins face-off versus Vladimir Sobotka in neutral zone.
0:22 of 1st period - Jesper Bratt is hit by Vladimir Sobotka and loses puck.
0:49 of 1st period - Shot by Brian Dumoulin.
0:49 of 1st period - Shot Blocked by Anthony DeAngelo.
0:51 of 1st period - Shot by Mathew Dumba.
0:51 of 1st period - Shot Misses the Net.
2:16 of 1st period - Shot by Bryan Little.
2:16 of 1st period - Stopped by Jake Paterson without a rebound.
2:17 of 1st period - Timo Meier wins face-off versus Vladimir Sobotka in Islanders zone.
2:33 of 1st period - Minor Penalty to Patrick Sharp for Holding Stick.
2:34 of 1st period - Derek Ryan wins face-off versus Jack Eichel in Islanders zone.
2:35 of 1st period - Shot by Dustin Byfuglien.
2:35 of 1st period - Shot Misses the Net.
2:57 of 1st period - Shot by Dustin Byfuglien.
2:57 of 1st period - Deflect By Derek Ryan.
2:57 of 1st period - Shot Misses the Net.
2:59 of 1st period - Shot by Dustin Byfuglien.
2:59 of 1st period - Shot Misses the Net.
3:01 of 1st period - Shot by Dustin Byfuglien.
3:01 of 1st period - Shot Misses the Net.
3:08 of 1st period - Nick Foligno is hit by Nick Holden and loses puck.
3:20 of 1st period - Icing by Keith Yandle.
3:21 of 1st period - Bryan Little wins face-off versus Patrick Maroon in Hurricanes zone.
3:36 of 1st period - Shot by Bryan Little.
3:36 of 1st period - Stopped by Jake Paterson without a rebound.
3:37 of 1st period - Bryan Little wins face-off versus Jack Eichel in Islanders zone.
5:00 of 1st period - Shot by Alex Chiasson.
5:00 of 1st period - Stopped by Jake Paterson without a rebound.
5:01 of 1st period - Jack Eichel wins face-off versus Bryan Little in Islanders zone.
5:09 of 1st period - Shot by Timo Meier.
5:09 of 1st period - Stopped by Thomas Greiss without a rebound.
5:10 of 1st period - Jujhar Khaira wins face-off versus Vladimir Sobotka in Hurricanes zone.
5:41 of 1st period - Shot by Richard Panik.
5:41 of 1st period - Stopped by Thomas Greiss without a rebound.
5:42 of 1st period - Bryan Little wins face-off versus Patrick Maroon in Hurricanes zone.
5:54 of 1st period - Shot by Bryan Little.
5:54 of 1st period - Stopped by Jake Paterson with a rebound.
6:03 of 1st period - Off-side.
6:04 of 1st period - Derek Ryan wins face-off versus Patrick Sharp in neutral zone.
6:10 of 1st period - Minor Penalty to Alex Chiasson for Hooking.
6:11 of 1st period - Vladimir Sobotka wins face-off versus Jack Eichel in Hurricanes zone.
6:36 of 1st period - Shot by Jack Eichel.
6:36 of 1st period - Stopped by Thomas Greiss with a rebound.
6:38 of 1st period - Shot by Patrick Maroon.
6:38 of 1st period - Shot Misses the Net.
6:40 of 1st period - Shot by Anthony DeAngelo.
6:40 of 1st period - Stopped by Thomas Greiss with a rebound.
6:42 of 1st period - Shot by Kyle Quincey.
6:42 of 1st period - Shot Misses the Net.
6:44 of 1st period - Shot by Kyle Quincey.
6:44 of 1st period - Shot Blocked by Keith Yandle.
6:46 of 1st period - Shot by Anthony DeAngelo.
6:46 of 1st period - Stopped by Thomas Greiss without a rebound.
6:47 of 1st period - Jujhar Khaira wins face-off versus Brad Richardson in Hurricanes zone.
6:50 of 1st period - Shot by Jesper Bratt.
6:50 of 1st period - Stopped by Thomas Greiss with a rebound.
7:46 of 1st period - Shot by Jack Eichel.
7:46 of 1st period - Stopped by Thomas Greiss without a rebound.
7:47 of 1st period - Jack Eichel wins face-off versus Vladimir Sobotka in Hurricanes zone.
8:18 of 1st period - Shot by Patrick Sharp.
8:18 of 1st period - Stopped by Thomas Greiss without a rebound.
8:19 of 1st period - Timo Meier wins face-off versus Derek Ryan in Hurricanes zone.
8:22 of 1st period - Shot by Patrick Sharp.
8:22 of 1st period - Stopped by Thomas Greiss without a rebound.
8:23 of 1st period - Timo Meier wins face-off versus Bryan Little in Hurricanes zone.
8:51 of 1st period - Bryan Little is hit by Dennis Seidenberg and loses puck.
8:52 of 1st period - Minor Penalty to Dennis Seidenberg for Slashing.
8:53 of 1st period - Bryan Little wins face-off versus Jack Eichel in Islanders zone.
8:53 of 1st period - Bryan Little is hit by Kyle Quincey.
9:44 of 1st period - Keith Yandle is hit by Patrick Maroon.
9:49 of 1st period - Off-side.
9:50 of 1st period - Patrick Maroon wins face-off versus Derek Ryan in neutral zone.
10:08 of 1st period - Anthony DeAngelo is hit by Nick Foligno and loses puck.
10:16 of 1st period - Icing by Nick Foligno.
10:17 of 1st period - Derek Ryan wins face-off versus Patrick Maroon in Hurricanes zone.
10:22 of 1st period - Shot by Richard Panik.
10:22 of 1st period - Stopped by Thomas Greiss with a rebound.
10:24 of 1st period - Shot by Richard Panik.
10:24 of 1st period - Stopped by Thomas Greiss with a rebound.
11:03 of 1st period - Shot by Brad Richardson.
11:03 of 1st period - Shot Misses the Net.
11:05 of 1st period - Shot by Tom Pyatt.
11:05 of 1st period - Shot Misses the Net.
11:16 of 1st period - Icing by Timo Meier.
11:17 of 1st period - Timo Meier wins face-off versus Alex Chiasson in Islanders zone.
11:19 of 1st period - Minor Penalty to Bryan Little for Hooking.
11:20 of 1st period - Vladimir Sobotka wins face-off versus Patrick Maroon in Hurricanes zone.
11:49 of 1st period - Shot by Jack Eichel.
11:49 of 1st period - Deflect By Patrick Maroon.
11:49 of 1st period - Stopped by Thomas Greiss without a rebound.
11:50 of 1st period - Brad Richardson wins face-off versus Jujhar Khaira in Hurricanes zone.
12:49 of 1st period - Shot by Nick Holden.
12:49 of 1st period - Shot Blocked by Brian Dumoulin.
13:12 of 1st period - Shot by Nick Holden.
13:12 of 1st period - Shot Hit the Post.
13:14 of 1st period - Shot by Jack Eichel.
13:14 of 1st period - Stopped by Thomas Greiss without a rebound.
13:15 of 1st period - Jack Eichel wins face-off versus Tom Pyatt in Hurricanes zone.
13:19 of 1st period - Jack Eichel is hit by Brett Pesce and loses puck.
13:36 of 1st period - Shot by Bryan Little.
13:36 of 1st period - Stopped by Jake Paterson with a rebound.
13:49 of 1st period - Icing by Eric Gryba.
13:50 of 1st period - Vladimir Sobotka wins face-off versus Timo Meier in Islanders zone.
14:04 of 1st period - Shot by Carl Hagelin.
14:04 of 1st period - Shot Misses the Net.
14:06 of 1st period - Shot by Keith Yandle.
14:06 of 1st period - Stopped by Jake Paterson without a rebound.
14:07 of 1st period - Jack Eichel wins face-off versus Derek Ryan in Islanders zone.
14:17 of 1st period - Mathew Dumba is hit by Sam Gagner and loses puck.
14:35 of 1st period - Mathew Dumba is hit by Jack Eichel and loses puck.
14:39 of 1st period - Mathew Dumba is hit by Nick Holden and loses puck.
14:44 of 1st period - Shot by Alex Chiasson.
14:44 of 1st period - Deflect By Derek Ryan.
14:44 of 1st period - Stopped by Jake Paterson without a rebound.
14:45 of 1st period - Carl Hagelin wins face-off versus Jujhar Khaira in Islanders zone.
15:15 of 1st period - Dustin Byfuglien is hit by Kyle Quincey and loses puck.
15:43 of 1st period - Icing by Dustin Byfuglien.
15:44 of 1st period - Jack Eichel wins face-off versus Vladimir Sobotka in Hurricanes zone.
15:45 of 1st period - Shot by Nick Holden.
15:45 of 1st period - Stopped by Thomas Greiss with a rebound.
16:03 of 1st period - Shot by Michael Frolik.
16:03 of 1st period - Shot Misses the Net.
16:05 of 1st period - Shot by Brian Dumoulin.
16:05 of 1st period - Deflect By Bryan Little.
16:05 of 1st period - Stopped by Jake Paterson without a rebound.
16:06 of 1st period - Timo Meier wins face-off versus Alex Chiasson in Islanders zone.
16:06 of 1st period - Timo Meier is hit by Brad Richardson.
16:22 of 1st period - Alex Chiasson is hit by Colton Sceviour and loses puck.
17:19 of 1st period - Shot by Bryan Little.
17:19 of 1st period - Shot Misses the Net.
18:09 of 1st period - Icing by Jesper Bratt.
18:10 of 1st period - Vladimir Sobotka wins face-off versus Jujhar Khaira in Islanders zone.
18:18 of 1st period - Vladimir Sobotka is hit by Kyle Quincey and loses puck.
18:33 of 1st period - Shot by Zach Parise.
18:33 of 1st period - Stopped by Jake Paterson with a rebound.
18:35 of 1st period - Shot by Dustin Byfuglien.
18:35 of 1st period - Stopped by Jake Paterson without a rebound.
18:36 of 1st period - Derek Ryan wins face-off versus Timo Meier in Islanders zone.
Goals for this period are 0 for Hurricanes vs 0 for Islanders.
Shots for this period are 10 for Hurricanes vs 14 for Islanders.

2nd period


0:01 of 2nd period - Michael Frolik wins face-off versus Jack Eichel in neutral zone.
0:04 of 2nd period - Shot by Keith Yandle.
0:04 of 2nd period - Shot Blocked by Nick Holden.
0:16 of 2nd period - Shot by Jack Eichel.
0:16 of 2nd period - Shot Blocked by Keith Yandle.
0:18 of 2nd period - Shot by Nick Holden.
0:18 of 2nd period - Shot Blocked by Keith Yandle.
0:20 of 2nd period - Shot by Dennis Seidenberg.
0:20 of 2nd period - Deflect By Jack Eichel.
0:20 of 2nd period - Shot Blocked by Bryan Little.
0:22 of 2nd period - Shot by Jack Eichel.
0:22 of 2nd period - Stopped by Thomas Greiss with a rebound.
0:53 of 2nd period - Off-side.
0:54 of 2nd period - Vladimir Sobotka wins face-off versus Jujhar Khaira in neutral zone.
0:54 of 2nd period - Mathew Dumba is hit by Jujhar Khaira and loses puck.
1:02 of 2nd period - Jesper Bratt is hit by Mathew Dumba and loses puck.
1:14 of 2nd period - Minor Penalty to Mathew Dumba for Hooking.
1:15 of 2nd period - Vladimir Sobotka wins face-off versus Jack Eichel in Hurricanes zone.
2:56 of 2nd period - Icing by Brock McGinn.
2:57 of 2nd period - Brad Richardson wins face-off versus Brock McGinn in Islanders zone.
3:04 of 2nd period - Shot by Dustin Byfuglien.
3:04 of 2nd period - Shot Misses the Net.
3:06 of 2nd period - Shot by Michael Frolik.
3:06 of 2nd period - Shot Misses the Net.
4:02 of 2nd period - Colton Sceviour is hit by Nick Foligno and loses puck.
4:27 of 2nd period - Nick Foligno is hit by Richard Panik and loses puck.
5:19 of 2nd period - Off-side.
5:20 of 2nd period - Brad Richardson wins face-off versus Jack Eichel in neutral zone.
5:40 of 2nd period - Shot by Jack Eichel.
5:40 of 2nd period - Stopped by Thomas Greiss with a rebound.
5:56 of 2nd period - Shot by Jack Eichel.
5:56 of 2nd period - Stopped by Thomas Greiss with a rebound.
6:17 of 2nd period - Icing by Keith Yandle.
6:18 of 2nd period - Bryan Little wins face-off versus Timo Meier in Hurricanes zone.
6:38 of 2nd period - Bryan Little is hit by Eric Gryba and loses puck.
6:41 of 2nd period - Shot by Bryan Little.
6:41 of 2nd period - Shot Blocked by Chris Butler.
6:43 of 2nd period - Shot by Nick Foligno.
6:43 of 2nd period - Goal by Nick Foligno - Hurricanes : 1 - Islanders : 0.
6:44 of 2nd period - Vladimir Sobotka wins face-off versus Jack Eichel in neutral zone.
8:26 of 2nd period - Shot by Bryan Little.
8:26 of 2nd period - Stopped by Jake Paterson with a rebound.
8:54 of 2nd period - Jack Eichel is hit by Dustin Byfuglien and loses puck.
9:28 of 2nd period - Shot by Patrick Sharp.
9:28 of 2nd period - Shot Blocked by Brian Dumoulin.
9:30 of 2nd period - Shot by Colton Sceviour.
9:30 of 2nd period - Goal by Colton Sceviour - Hurricanes : 1 - Islanders : 1.
9:31 of 2nd period - Brad Richardson wins face-off versus Brock McGinn in neutral zone.
9:38 of 2nd period - Shot by Brad Richardson.
9:38 of 2nd period - Deflect By Tom Pyatt.
9:38 of 2nd period - Shot Misses the Net.
9:40 of 2nd period - Shot by Tom Pyatt.
9:40 of 2nd period - Stopped by Jake Paterson with a rebound.
9:46 of 2nd period - Shot by Brett Pesce.
9:46 of 2nd period - Stopped by Jake Paterson with a rebound.
9:48 of 2nd period - Shot by Tom Pyatt.
9:48 of 2nd period - Stopped by Jake Paterson with a rebound.
9:50 of 2nd period - Shot by Tom Pyatt.
9:50 of 2nd period - Stopped by Jake Paterson without a rebound.
9:51 of 2nd period - Jujhar Khaira wins face-off versus Vladimir Sobotka in Islanders zone.
9:53 of 2nd period - Nick Holden is hit by Vladimir Sobotka and loses puck.
10:19 of 2nd period - Shot by Zach Parise.
10:19 of 2nd period - Stopped by Jake Paterson with a rebound.
11:00 of 2nd period - Sam Gagner is hit by Nick Foligno and loses puck.
11:34 of 2nd period - Dustin Byfuglien is hit by Timo Meier and loses puck.
12:33 of 2nd period - Shot by Zach Parise.
12:33 of 2nd period - Stopped by Jake Paterson without a rebound.
12:34 of 2nd period - Jack Eichel wins face-off versus Vladimir Sobotka in Islanders zone.
13:57 of 2nd period - Off-side.
13:58 of 2nd period - Jujhar Khaira wins face-off versus Derek Ryan in neutral zone.
14:13 of 2nd period - Shot by Jesper Bratt.
14:13 of 2nd period - Stopped by Thomas Greiss with a rebound.
14:35 of 2nd period - Shot by Alex Chiasson.
14:35 of 2nd period - Stopped by Jake Paterson without a rebound.
14:36 of 2nd period - Timo Meier wins face-off versus Vladimir Sobotka in Islanders zone.
15:02 of 2nd period - Vladimir Sobotka is hit by Eric Gryba.
15:23 of 2nd period - Icing by Chris Butler.
15:24 of 2nd period - Brad Richardson wins face-off versus Patrick Sharp in Islanders zone.
15:27 of 2nd period - Shot by Brad Richardson.
15:27 of 2nd period - Stopped by Jake Paterson without a rebound.
15:28 of 2nd period - Bryan Little wins face-off versus Jujhar Khaira in Islanders zone.
16:49 of 2nd period - Shot by Sam Gagner.
16:49 of 2nd period - Shot Blocked by Alex Chiasson.
16:51 of 2nd period - Shot by Sam Gagner.
16:51 of 2nd period - Shot Misses the Net.
16:53 of 2nd period - Shot by Patrick Maroon.
16:53 of 2nd period - Shot Misses the Net.
16:55 of 2nd period - Shot by Jack Eichel.
16:55 of 2nd period - Shot Misses the Net.
17:17 of 2nd period - Off-side.
17:18 of 2nd period - Vladimir Sobotka wins face-off versus Timo Meier in neutral zone.
17:59 of 2nd period - Shot by Zach Parise.
17:59 of 2nd period - Deflect By Vladimir Sobotka.
17:59 of 2nd period - Stopped by Jake Paterson without a rebound.
18:00 of 2nd period - Jujhar Khaira wins face-off versus Bryan Little in Islanders zone.
18:08 of 2nd period - Shot by Jesper Bratt.
18:08 of 2nd period - Stopped by Thomas Greiss with a rebound.
18:10 of 2nd period - Shot by Jujhar Khaira.
18:10 of 2nd period - Shot Misses the Net.
18:12 of 2nd period - Shot by Dennis Seidenberg.
18:12 of 2nd period - Shot Blocked by Dustin Byfuglien.
18:18 of 2nd period - Shot by Jesper Bratt.
18:18 of 2nd period - Stopped by Thomas Greiss without a rebound.
18:19 of 2nd period - Bryan Little wins face-off versus Jack Eichel in Hurricanes zone.
18:36 of 2nd period - Shot by Bryan Little.
18:36 of 2nd period - Stopped by Jake Paterson without a rebound.
18:37 of 2nd period - Jujhar Khaira wins face-off versus Vladimir Sobotka in Islanders zone.
18:37 of 2nd period - Jujhar Khaira is hit by Vladimir Sobotka.
18:45 of 2nd period - Shot by Nick Holden.
18:45 of 2nd period - Shot Misses the Net.
18:57 of 2nd period - Shot by Zach Parise.
18:57 of 2nd period - Goal by Zach Parise - Hurricanes : 2 - Islanders : 1.
18:58 of 2nd period - Brad Richardson wins face-off versus Jack Eichel in neutral zone.
19:03 of 2nd period - Loui Eriksson is hit by Alex Chiasson and loses puck.
19:11 of 2nd period - Jack Eichel is hit by Mathew Dumba and loses puck.
Goals for this period are 2 for Hurricanes vs 1 for Islanders.
Shots for this period are 13 for Hurricanes vs 7 for Islanders.

3rd period


0:01 of 3rd period - Jack Eichel wins face-off versus Bryan Little in neutral zone.
0:48 of 3rd period - Icing by Dustin Byfuglien.
0:49 of 3rd period - Jujhar Khaira wins face-off versus Bryan Little in Hurricanes zone.
1:24 of 3rd period - Shot by Carl Hagelin.
1:24 of 3rd period - Shot Blocked by Anthony DeAngelo.
1:28 of 3rd period - Shot by Vladimir Sobotka.
1:28 of 3rd period - Shot Blocked by Anthony DeAngelo.
2:16 of 3rd period - Shot by Jack Eichel.
2:16 of 3rd period - Stopped by Thomas Greiss without a rebound.
2:17 of 3rd period - Timo Meier wins face-off versus Brad Richardson in Hurricanes zone.
2:51 of 3rd period - Off-side.
2:52 of 3rd period - Bryan Little wins face-off versus Jesper Bratt in neutral zone.
3:01 of 3rd period - Shot by Nick Foligno.
3:01 of 3rd period - Shot Misses the Net.
3:13 of 3rd period - Shot by Jujhar Khaira.
3:13 of 3rd period - Shot Blocked by Dustin Byfuglien.
3:15 of 3rd period - Shot by Jujhar Khaira.
3:15 of 3rd period - Shot Blocked by Dustin Byfuglien.
3:17 of 3rd period - Shot by Richard Panik.
3:17 of 3rd period - Deflect By Jesper Bratt.
3:17 of 3rd period - Goal by Jesper Bratt - Hurricanes : 2 - Islanders : 2.
3:18 of 3rd period - Vladimir Sobotka wins face-off versus Jack Eichel in neutral zone.
3:46 of 3rd period - Shot by Sam Gagner.
3:46 of 3rd period - Shot Blocked by Mathew Dumba.
3:48 of 3rd period - Shot by Eric Gryba.
3:48 of 3rd period - Shot Blocked by Brian Dumoulin.
3:50 of 3rd period - Shot by Patrick Maroon.
3:50 of 3rd period - Deflect By Jack Eichel.
3:50 of 3rd period - Shot Blocked by Brian Dumoulin.
3:52 of 3rd period - Shot by Patrick Maroon.
3:52 of 3rd period - Shot Misses the Net.
3:54 of 3rd period - Shot by Sam Gagner.
3:54 of 3rd period - Stopped by Thomas Greiss without a rebound.
3:55 of 3rd period - Bryan Little wins face-off versus Timo Meier in Hurricanes zone.
4:09 of 3rd period - Minor Penalty to Dennis Seidenberg for Roughing.
4:10 of 3rd period - Derek Ryan wins face-off versus Jack Eichel in Islanders zone.
4:57 of 3rd period - Shot by Mathew Dumba.
4:57 of 3rd period - Stopped by Jake Paterson without a rebound.
4:58 of 3rd period - Bryan Little wins face-off versus Patrick Maroon in Islanders zone.
4:58 of 3rd period - Dustin Byfuglien is hit by Eric Gryba and loses puck.
5:09 of 3rd period - Shot by Bryan Little.
5:09 of 3rd period - Shot Misses the Net.
5:11 of 3rd period - Shot by Dustin Byfuglien.
5:11 of 3rd period - Stopped by Jake Paterson without a rebound.
5:12 of 3rd period - Zach Parise wins face-off versus Jack Eichel in Islanders zone.
5:17 of 3rd period - Shot by Vladimir Sobotka.
5:17 of 3rd period - Stopped by Jake Paterson without a rebound.
5:18 of 3rd period - Bryan Little wins face-off versus Jack Eichel in Islanders zone.
5:31 of 3rd period - Nick Holden is hit by Vladimir Sobotka and loses puck.
5:48 of 3rd period - Shot by Zach Parise.
5:48 of 3rd period - Shot Misses the Net.
6:20 of 3rd period - Shot by Colton Sceviour.
6:20 of 3rd period - Stopped by Thomas Greiss with a rebound.
6:23 of 3rd period - Icing by Jordan Oesterle.
6:24 of 3rd period - Brad Richardson wins face-off versus Jujhar Khaira in Hurricanes zone.
6:24 of 3rd period - Brad Richardson is hit by Jujhar Khaira.
8:31 of 3rd period - Shot by Jack Eichel.
8:31 of 3rd period - Shot Misses the Net.
8:48 of 3rd period - Icing by Brian Dumoulin.
8:49 of 3rd period - Jesper Bratt wins face-off versus Vladimir Sobotka in Hurricanes zone.
8:53 of 3rd period - Shot by Jujhar Khaira.
8:53 of 3rd period - Stopped by Thomas Greiss without a rebound.
8:54 of 3rd period - Derek Ryan wins face-off versus Jujhar Khaira in Hurricanes zone.
8:54 of 3rd period - Keith Yandle is hit by Jujhar Khaira and loses puck.
9:16 of 3rd period - Icing by Jesper Bratt.
9:17 of 3rd period - Bryan Little wins face-off versus Jujhar Khaira in Islanders zone.
9:24 of 3rd period - Shot by Bryan Little.
9:24 of 3rd period - Stopped by Jake Paterson without a rebound.
9:25 of 3rd period - Jack Eichel wins face-off versus Bryan Little in Islanders zone.
9:43 of 3rd period - Shot by Jack Eichel.
9:43 of 3rd period - Stopped by Thomas Greiss without a rebound.
9:44 of 3rd period - Derek Ryan wins face-off versus Jack Eichel in Hurricanes zone.
9:55 of 3rd period - Shot by Sam Gagner.
9:55 of 3rd period - Stopped by Thomas Greiss without a rebound.
9:56 of 3rd period - Bryan Little wins face-off versus Jujhar Khaira in Hurricanes zone.
10:31 of 3rd period - Shot by Richard Panik.
10:31 of 3rd period - Shot Misses the Net.
10:33 of 3rd period - Shot by Jujhar Khaira.
10:33 of 3rd period - Shot Blocked by Dustin Byfuglien.
10:57 of 3rd period - Shot by Timo Meier.
10:57 of 3rd period - Shot Misses the Net.
11:13 of 3rd period - Shot by Jack Eichel.
11:13 of 3rd period - Deflect By Timo Meier.
11:13 of 3rd period - Shot Misses the Net.
11:15 of 3rd period - Shot by Loui Eriksson.
11:15 of 3rd period - Stopped by Thomas Greiss without a rebound.
11:16 of 3rd period - Vladimir Sobotka wins face-off versus Jack Eichel in Hurricanes zone.
11:20 of 3rd period - Off-side.
11:21 of 3rd period - Jack Eichel wins face-off versus Vladimir Sobotka in neutral zone.
11:27 of 3rd period - Off-side.
11:28 of 3rd period - Jujhar Khaira wins face-off versus Vladimir Sobotka in neutral zone.
11:47 of 3rd period - Shot by Richard Panik.
11:47 of 3rd period - Shot Misses the Net.
12:22 of 3rd period - Off-side.
12:23 of 3rd period - Jack Eichel wins face-off versus Derek Ryan in neutral zone.
12:25 of 3rd period - Sam Gagner is hit by Mathew Dumba.
12:27 of 3rd period - Shot by Jack Eichel.
12:27 of 3rd period - Shot Hit the Post.
12:51 of 3rd period - Shot by Mathew Dumba.
12:51 of 3rd period - Stopped by Jake Paterson without a rebound.
12:52 of 3rd period - Bryan Little wins face-off versus Timo Meier in Islanders zone.
12:58 of 3rd period - Icing by Kyle Quincey.
12:59 of 3rd period - Bryan Little wins face-off versus Timo Meier in Islanders zone.
13:30 of 3rd period - Colton Sceviour is hit by Michael Frolik and loses puck.
13:37 of 3rd period - Nick Foligno is hit by Patrick Sharp and loses puck.
13:51 of 3rd period - Jack Eichel is hit by Dustin Byfuglien and loses puck.
13:54 of 3rd period - Shot by Sam Gagner.
13:54 of 3rd period - Deflect By Patrick Maroon.
13:54 of 3rd period - Stopped by Thomas Greiss without a rebound.
13:55 of 3rd period - Jujhar Khaira wins face-off versus Carl Hagelin in Hurricanes zone.
13:58 of 3rd period - Shot by Richard Panik.
13:58 of 3rd period - Shot Misses the Net.
14:01 of 3rd period - Icing by Brian Dumoulin.
14:02 of 3rd period - Vladimir Sobotka wins face-off versus Jack Eichel in Hurricanes zone.
16:04 of 3rd period - Shot by Michael Frolik.
16:04 of 3rd period - Shot Blocked by Kyle Quincey.
16:06 of 3rd period - Shot by Keith Yandle.
16:06 of 3rd period - Goal by Keith Yandle - Hurricanes : 3 - Islanders : 2.
16:07 of 3rd period - Timo Meier wins face-off versus Vladimir Sobotka in neutral zone.
16:34 of 3rd period - Patrick Sharp is hit by Mathew Dumba and loses puck.
16:39 of 3rd period - Shot by Timo Meier.
16:39 of 3rd period - Shot Misses the Net.
17:32 of 3rd period - Nick Foligno is hit by Dennis Seidenberg.
17:47 of 3rd period - Bryan Little is hit by Nick Holden.
18:04 of 3rd period - Icing by Brad Richardson.
18:05 of 3rd period - Brad Richardson wins face-off versus Jujhar Khaira in Hurricanes zone.
18:11 of 3rd period - Jan Rutta is hit by Anthony DeAngelo and loses puck.
18:32 of 3rd period - Shot by Jujhar Khaira.
18:32 of 3rd period - Stopped by Thomas Greiss without a rebound.
18:33 of 3rd period - Vladimir Sobotka wins face-off versus Patrick Sharp in Hurricanes zone.
18:55 of 3rd period - Icing by Brian Dumoulin.
18:56 of 3rd period - Vladimir Sobotka wins face-off versus Jujhar Khaira in Hurricanes zone.
18:56 of 3rd period - Vladimir Sobotka is hit by Richard Panik.
19:01 of 3rd period - Vladimir Sobotka is hit by Kyle Quincey and loses puck.
19:09 of 3rd period - Icing by Jujhar Khaira.
19:10 of 3rd period - Vladimir Sobotka wins face-off versus Jujhar Khaira in Islanders zone.
19:24 of 3rd period - Shot by Nick Foligno.
19:24 of 3rd period - Stopped by Jake Paterson without a rebound.
19:25 of 3rd period - Vladimir Sobotka wins face-off versus Jack Eichel in Islanders zone.
19:29 of 3rd period - Michael Frolik is hit by Dennis Seidenberg and loses puck.
19:36 of 3rd period - Islanders, Jake Paterson is pulled from the net.
19:48 of 3rd period - Shot by Nick Holden.
19:48 of 3rd period - Shot Blocked by Brett Pesce.
Goals for this period are 1 for Hurricanes vs 1 for Islanders.
Shots for this period are 7 for Hurricanes vs 10 for Islanders.